 Dungeon Crawl Stone Soup version 0.26-a0-1126-g3318b609a0 (webtiles) character file.

Game seed: 7418529812303031999

363 HoaS the Cudgeller (level 6, -16/37 HPs)
             Began as a Gargoyle Fighter on Dec 17, 2020.
             Demolished by an ogre
             ... wielding a +0 giant club
              (18 damage)
             ... on level 4 of the Dungeon.
             The game lasted 00:05:44 (2716 turns).

HoaS the Cudgeller (Gargoyle Fighter)               Turns: 2716, Time: 00:05:44

Health: -16/37     AC: 15    Str: 22    XL:     6   Next: 67%
Magic:  6/6        EV:  7    Int:  8    God:
Gold:   127        SH: 10    Dex:  9    Spells: 5/5 levels left

rFire    . . .     SeeInvis .   a - +1 flail
rCold    . . .     Faith    .   c - +0 kite shield
rNeg     + . .     Spirit   .   b - +0 scale mail
rPois    ∞         Reflect  .   m - +2 helmet
rElec    +         Harm     .   (no cloak)
rCorr    .         Rampage  .   (no gloves)
Will     .....                  k - +0 pair of boots
Stlth    ..........             (no amulet)
HPRegen  0.12/turn              (no ring)
MPRegen  0.10/turn              (no ring)

@: mighty
A: negative energy resistance 1, electricity resistance, unbreathing,
petrification resistance, miasma immunity, AC +4
a: no special abilities


You were on level 4 of the Dungeon.
You visited 1 branch of the dungeon, and saw 4 of its levels.

You collected 127 gold pieces.

Inventory:

Hand Weapons
 a - a +1 flail (weapon)
Armour
 b - a +0 scale mail (worn)
 c - a +0 kite shield (worn)
 k - a +0 pair of boots (worn)
 m - a +2 helmet (worn)
Wands
 o - a wand of flame (15) (quivered)
Scrolls
 e - 2 scrolls of remove curse
 f - a scroll of identify
 h - 3 scrolls of teleportation
 l - 2 scrolls of enchant weapon
Potions
 d - a potion of might
 g - a potion of ambrosia
 i - a potion of flight
 j - a potion of haste {unknown}
 n - a potion of resistance {unknown}
 p - a potion of heal wounds {unknown}
 s - 2 potions of mutation {unknown}


   Skills:
 - Level 3.2 Fighting
 * Level 5.7 Maces & Flails
 - Level 3.2 Armour
 + Level 5.2 Shields


You had 5 spell levels left.
You didn't know any spells.
Your spell library was empty.

Dungeon Overview and Level Annotations

Branches:
Dungeon (4/15)
 Temple: D:4-7

Altars:


Innate Abilities, Weirdness & Mutations

You are resistant to torment.
Your stone body is resilient. (AC +4)
You are immune to poison.
You resist negative energy. (rN+)
You are resistant to electric shocks. (rElec)
You can survive without breathing.
You are immune to petrification.
You are immune to miasma.


Message History

The ogre completely misses you.
You sock the ogre!
The ogre is heavily wounded.
The ogre hits you with a +0 giant club.
Your shield and scale mail prevent you from hitting the ogre.
The ogre is heavily wounded.
The ogre barely misses you.
You hit the ogre.
The ogre is severely wounded.
The ogre hits you with a +0 giant club!
* * * LOW HITPOINT WARNING * * *
You sock the ogre!
The ogre is almost dead.
You completely miss the ogre.
The ogre is almost dead.
The ogre hits you with a +0 giant club.
* * * LOW HITPOINT WARNING * * *
You feel very mighty all of a sudden.
The ogre hits you with a +0 giant club!!
You die... ..# #.# #.# #.# ##.## hh.

## #O# ##+# #.##@# #
##..<## # #.#..# .#
##.....###.#.#.##..#
##.......##........#
#.........####....##
+.........'.......#
#.........####...##
#.......## ##.##
##.....## #.#


You could see an ogre and 2 jackals.

Vanquished Creatures
  A scorpion (D:3)
  2 orc priests (D:4)
  An orc wizard (D:3)
  Robin (D:3)
  A gnoll (D:2)
  11 adders
  An ooze (D:2)
  A dart slug (D:1)
  2 leopard geckos
  7 orcs
  6 giant cockroaches
  17 goblins
  9 hobgoblins
  8 jackals
  8 kobolds
  2 quokkas (D:2)
  7 bats
  9 frilled lizards
  6 rats
100 creatures vanquished.

Notes
Turn   | Place    | Note
-------+----------+-------------------------------------------
     0 | D:1      | HoaS the Gargoyle Fighter began the quest for the Orb.
     0 | D:1      | Reached XP level 1. HP: 14/14 MP: 1/1
   166 | D:1      | Reached XP level 2. HP: 14/19 MP: 2/2
   638 | D:1      | Reached XP level 3. HP: 23/23 MP: 3/3
  1113 | D:2      | Reached XP level 4. HP: 11/28 MP: 4/4
  1701 | D:3      | Reached XP level 5. HP: 27/32 MP: 5/5
  1756 | D:3      | Noticed Robin
  1774 | D:3      | Killed Robin
  1788 | D:3      | Reached skill level 5 in Maces & Flails
  1923 | D:3      | Reached XP level 6. HP: 35/37 MP: 6/6
  2094 | D:3      | Reached skill level 5 in Shields
  2716 | D:4      | Demolished by an ogre

Illustrated notes

Levels and vault maps discovered:
D:1:      dpeg_arrival_round_b, layout_basic, serial_bayou, serial_bayou_ford_a,
          serial_bayou_shore_a, serial_bayou_shore_b, serial_bayou_pond_e
D:2:      layout_rooms, minmay_between
D:3:      layout_basic, uniq_robin
D:4:      layout_loops_corners, nicolae_overflow_hidden_temple,
          uniq_crazy_yiuf_cottage

Skill      XL: |  1  2  3  4  5  6 |
---------------+-------------------+-----
Maces & Flails | 3 4 5 |  5.7
Shields        | 4 5 |  5.2
Fighting       | |  3.2
Armour         | |  3.2

Action                   |  1- 3 |  4- 6 || total
-------------------------+-------+-------++-------
Melee: Flail             |   129 |   246 ||   375
  Use: Scroll            |       |     8 ||     8
       Potion            |       |     1 ||     1
Armor: Scale mail        |    77 |   121 ||   198
Dodge: Dodged            |    45 |    68 ||   113
Block: Kite shield       |    77 |   106 ||   183

Table legend: (Time is in decaauts)
 A = Elapsed time spent in this place.
 B = Non-inter-level travel time spent in this place.
 C = Inter-level travel time spent in this place.
 D = Time resting spent in this place.
 E = Time spent auto-exploring this place.
 F = Levels seen in this place.
 G = Mean time per level.
                   A        B        C        D        E       F      G
               +--------+--------+--------+--------+--------+-----+--------+
         Total |   2826 |   2731 |     95 |    295 |   1682 |   4 |  706.5 |
       Dungeon |   2826 |   2731 |     95 |    295 |   1682 |   4 |  706.5 |
               +--------+--------+--------+--------+--------+-----+--------+

Top non-repeatable levels by time:
     D:1: 1064 daAuts
     D:3: 757 daAuts
     D:2: 673 daAuts
     D:4: 331 daAuts
